 Dungeon Crawl Stone Soup version 0.31-a0-744-gbc345e7fcb (webtiles) character file.

Game seed: 3875177228503108228

4305 Malachi the Mimic (level 10, -3/69 HPs)
             Began as an Octopode Shapeshifter on Sept 13, 2023.
             Was a High Priest of Okawaru.
             Slain by an unseen horror (9 damage)
             ... on level 7 of the Dungeon.
             The game lasted 00:17:41 (9863 turns).

Malachi the Mimic (Octopode Shapeshifter)           Turns: 9863, Time: 00:17:42

Health: -3/69      AC:  5    Str: 14    XL:     10   Next: 32%
Magic:  10/10      EV: 16    Int: 12    God:    Okawaru [*****.]
Gold:   407        SH:  0    Dex: 16    Spells: 9/9 levels left

rFire   . .          .
                       - Unarmed
rCold   . . .        (no shield)
rNeg    . . .        (helmet currently unavailable)
rPois   .            (no amulet)
rElec   .            f - +4 ring of protection
rCorr   .            (no ring)
SInv    .            (no ring)
Will    .....        (no ring)
Stlth   ++           (no ring)
HPRegen 0.31/turn    (no ring)
MPRegen 0.12/turn    (no ring)
                     (no ring)

%: no passive effects
@: beast-form
A: beast (slay +4), almost no armour, amphibious, 8 rings, camouflage 1,
gelatinous body 1, (nimble swimmer 1), tentacles
a: Begin Untransformation, Renounce Religion, Heroism, Finesse, Duel


You were on level 7 of the Dungeon.
You worshipped Okawaru.
Okawaru was extremely pleased with you.
You were a hulking beast.
You visited 1 branch of the dungeon, and saw 8 of its levels.
You also visited: Ossuary and Bailey.

You collected 407 gold pieces.

Inventory:

Missiles
 w - a curare-tipped dart
 y - 15 poisoned darts
 z - 2 throwing nets
 A - a silver javelin
Armour
 k - a +2 tower shield of fire resistance
Jewellery
 f - a +4 ring of protection (left tentacle)
 h - a ring of fire
 v - an amulet of faith
Talismans
 b - a beast talisman (active)
 c - a flux talisman
 j - a maw talisman
Scrolls
 d - a scroll of fear
 e - 2 scrolls of fog
 i - 2 scrolls of torment
 p - a scroll of teleportation
 q - a scroll of blinking
 u - a scroll of revelation
Potions
 a - 2 potions of lignification
 g - 3 potions of might
 l - a potion of heal wounds
 m - a potion of cancellation {unknown}
 n - 2 potions of invisibility {unknown}
 o - a potion of magic {unknown}
 r - 3 potions of attraction {unknown}
 s - 3 potions of enlightenment {unknown}
 t - 2 potions of curing {unknown}
 x - a potion of haste {unknown}
 B - a potion of resistance {unknown}


   Skills:
 + Level 6.7 Fighting
 + Level 6.9 Dodging
 + Level 7.3 Unarmed Combat
 * Level 9.0 Shapeshifting


You had 9 spell levels left.
You didn't know any spells.
Your spell library contained the following spells:

 Spells                   Type           Power      Damage    Failure   Level
 Blink                    Tloc           0%         N/A       45%         2
 Ensorcelled Hibernation  Hex/Ice        0%         N/A       45%         2
 Lesser Beckoning         Tloc           0%         N/A       45%         2
 Momentum Strike          Conj/Tloc      0%         3d8       45%         2
 Passwall                 Tmut/Erth      0%         N/A       45%         2
 Gell's Gravitas          Tloc           0%         N/A       69%         3
 Sigil of Binding         Hex            0%         N/A       69%         3
 Swiftness                Air            0%         N/A       69%         3
 Teleport Other           Tloc           0%         N/A       69%         3
 Dimensional Bullseye     Hex/Tloc       0%         N/A       97%         4
 Iskenderun's Mystic Bla  Conj/Tloc      0%         2d3       97%         4
 Leda's Liquefaction      Hex/Erth       0%         N/A       97%         4
 Borgnjor's Vile Clutch   Necr/Erth      0%         N/A       100%        5
 Dispersal                Tloc           0%         N/A       100%        6
 Call Canine Familiar     Summ           Unusable   N/A       N/A         3
 Tukima's Dance           Hex            Unusable   N/A       N/A         3
 Animate Dead             Necr           Unusable   N/A       N/A         4
 Death Channel            Necr           Unusable   N/A       N/A         6

Dungeon Overview and Level Annotations

Branches:
Dungeon (8/15)             Temple (0/1) D:7         Ossuary (visited)
 Bailey (visited)
   Lair: D:8-11

Altars:
Dithmenos
Fedhas
Gozag
Kikubaaqudgha
Makhleb
Nemelex Xobeh
Okawaru
Qazlal
Sif Muna
Trog
Xom

Shops:
D:7 (   D:8 (

Annotations:
D:4 2 transporters


Innate Abilities, Weirdness & Mutations

You are a hulking beast.
Your limbs bulge with bestial killing power. (Slay +4)
You cannot wear most types of armour.
You are amphibious.
You can wear up to eight rings at the same time.
Your skin changes colour to match your surroundings (Stealth+).
Your rubbery body absorbs attacks. (AC +1, EV +1)
((You are camouflaged when in or above water. (Stealth+)))
You have tentacles for arms and can constrict up to eight enemies at once.


Message History

Unknown command.
You bludgeon something! You squeeze something.
Something hits you but does no damage. Something hits you!
You completely miss something. You squeeze something.
Something barely misses you.
Found a yellow potion.
The orc barely misses you. Something barely misses you.
Things that are here:
a +0 club; 7 poisoned darts; a scorpion corpse You bludgeon the orc!
You kill the orc!
Okawaru accepts your kill. Something hits you.
Things that are here:
a +0 short sword; a +0 ring mail Something barely misses you.
You see here a manual of Shapeshifting.
Something hits you but does no damage. Something hits you!
* * * LOW HITPOINT WARNING * * *
You see here a yellow potion.
Something hits you.
* * * LOW HITPOINT WARNING * * *
You see here a manual of Shapeshifting.
Something hits you but does no damage. Something hits you.
* * * LOW HITPOINT WARNING * * *
Things that are here:
a +0 short sword; a +0 ring mail You feel much better.
Something barely misses you. Something hits you but does no damage.
You swing at nothing.
Something hits you. Something hits you.
You see here a manual of Shapeshifting.
Something hits you!
* * * LOW HITPOINT WARNING * * *
Something hits you!
* * * LOW HITPOINT WARNING * * *
Something barely misses you. Something hits you.
* * * LOW HITPOINT WARNING * * *
You barely miss something. Your squeeze misses something. Something hits you!
You die...

⌠..# ..## ### ..# #..
..... #..# ...... #...
~......+... ..#...##...
###
.##...#....##.#######.##
(##......##)):..h.......
###...##...##!#######...
.##...###+..###
.##...##...#.#
.......'.....#
......##..#......
.##...##+##....#'#
.##...# ..#....#
......#...+....#


There were no monsters in sight!

Vanquished Creatures
  Pikel (D:4)
  Prince Ribbit (D:7)
  A wraith (Ossuary)
  Eustachio (D:4)
  2 steam dragons (D:8)
  A water moccasin (D:4)
  3 orc warriors (Bailey)
  An ice beast (D:8)
  An ogre (D:6)
  2 lemures (D:4)
  A centaur (D:8)
  2 phantoms
  3 kobold brigands
  3 bullfrogs
  5 scorpions
  7 wights (D:8)
  A killer bee (D:8)
  3 howler monkeys
  An orc priest (D:5)
  A sleepcap (D:6)
  2 gnoll boudas
  8 hounds
  A jelly (D:5)
  4 iguanas
  Natasha (thrice) (D:4)
  5 orc wizards
  A mummy (Ossuary)
  18 gnolls
  9 adders
  A shadow imp (D:5)
  2 white imps
  2 dart slugs
  A worm (D:3)
  40 orcs
  8 bats
  7 endoplasms
  5 giant cockroaches
  11 goblins
  3 hobgoblins (D:2)
  7 jackals
  19 kobolds
  5 quokkas
  3 training dummies (D:8)
  6 ball pythons
  A frilled lizard (D:1)
  4 gnoll skeletons (Ossuary)
  6 kobold skeletons (Ossuary)
  14 orc skeletons (Ossuary)
  8 rats
245 creatures vanquished.

Notes
Turn   | Place    | Note
-------+----------+-------------------------------------------
     0 | D:1      | Malachi the Octopode Shapeshifter began the quest for the
                  | Orb.
     0 | D:1      | Reached XP level 1. HP: 13/13 MP: 1/1
    52 | D:1      | Reached XP level 2. HP: 16/18 MP: 2/2
    81 | D:1      | Found a faded altar of an unknown god.
    86 | D:1      | Prayed at the altar of an unknown god.
    86 | D:1      | Became a worshipper of Warmaster Okawaru
    86 | D:1      | Reached * piety under Okawaru
   150 | D:1      | Reached XP level 3. HP: 23/23 MP: 3/3
  1048 | D:2      | Reached XP level 4. HP: 29/29 MP: 4/4
  1608 | D:3      | Reached ** piety under Okawaru
  1609 | D:3      | Reached XP level 5. HP: 32/35 MP: 5/5
  1969 | D:4      | Noticed a phantom
  1978 | D:4      | Reached skill level 4 in Shapeshifting
  2012 | D:4      | Killed a phantom
  2013 | D:4      | Reached XP level 6. HP: 19/42 MP: 6/6
  2165 | D:4      | Noticed Natasha
  2174 | D:4      | Killed Natasha
  2225 | D:4      | Found a sand-covered staircase.
  2230 | Ossuary  | Entered an ossuary
  2230 | Ossuary  | Noticed a wraith
  2230 | Ossuary  | Noticed a wraith
  2230 | Ossuary  | Noticed a wraith
  2391 | Ossuary  | Noticed a wraith
  2419 | Ossuary  | HP: 2/42 [wraith (5)]
  2421 | Ossuary  | Killed a wraith
  2422 | Ossuary  | Reached XP level 7. HP: 27/46 MP: 7/7
  2610 | D:4      | Noticed Natasha
  2615 | D:4      | Killed Natasha
  2727 | D:4      | Reached *** piety under Okawaru
  2728 | D:4      | Reached skill level 5 in Shapeshifting
  2730 | D:4      | Noticed Pikel
  2754 | D:5      | Entered Level 5 of the Dungeon
  2849 | D:4      | Killed Pikel
  2850 | D:4      | Reached skill level 5 in Unarmed Combat
  2850 | D:4      | Reached XP level 8. HP: 26/54 MP: 8/8
  3112 | D:4      | Noticed Eustachio
  3124 | D:4      | Killed Eustachio
  3125 | D:4      | Reached skill level 6 in Shapeshifting
  3502 | D:4      | Found a transporter.
  3518 | D:4      | Found a transporter.
  4125 | D:4      | Noticed Natasha
  4131 | D:4      | Killed Natasha
  4153 | D:4      | Reached skill level 5 in Dodging
  5186 | D:5      | Reached **** piety under Okawaru
  5208 | D:5      | Reached skill level 5 in Fighting
  5685 | D:5      | Reached XP level 9. HP: 61/61 MP: 9/9
  5754 | D:5      | Reached skill level 7 in Shapeshifting
  6161 | D:6      | Found a sparkling altar of Nemelex Xobeh.
  6170 | D:6      | Found an opulent altar of Gozag.
  6200 | D:6      | Found a stormy altar of Qazlal.
  7253 | D:7      | Found an ancient bone altar of Kikubaaqudgha.
  7280 | D:7      | Noticed Prince Ribbit
  7296 | D:7      | Killed Prince Ribbit
  7297 | D:7      | Reached skill level 8 in Shapeshifting
  7524 | D:7      | Found Tokkec's Weapon Boutique.
  7626 | D:8      | Found a flagged portal.
  7639 | Bailey   | Entered a bailey
  7799 | Bailey   | Noticed an orc knight
  8203 | Bailey   | Noticed an orc knight
  8331 | Bailey   | Identified the +10 plate armour of Cowardice {rPois rC+}
  8361 | D:8      | Found a shimmering blue altar of Sif Muna.
  8432 | D:8      | Reached XP level 10. HP: 59/68 MP: 10/10
  8924 | D:8      | Found a burning altar of Makhleb.
  8926 | D:8      | Found a basalt altar of Yredelemnul.
  8926 | D:8      | Found a shimmering altar of Xom.
  8928 | D:8      | Found a shadowy altar of Dithmenos.
  8928 | D:8      | Found a bloodstained altar of Trog.
  8928 | D:8      | Found a blossoming altar of Fedhas.
  9215 | D:8      | Reached ***** piety under Okawaru
  9678 | D:8      | Found Meusoura's Firing Range.
  9804 | D:7      | Found a staircase to the Ecumenical Temple.
  9841 | D:7      | Reached skill level 9 in Shapeshifting
  9863 | D:7      | Slain by an unseen horror

Illustrated notes

Levels and vault maps discovered:
D:1:      minmay_arrival_five_plusses, layout_rooms, basic_ecumenical_altar,
          minmay_misc_feat_rows
D:2:      layout_loops_ring, kennysheep_cross_bottleneck
D:3:      layout_basic
D:4:      gammafunk_steamed_eel, layout_basic, enter_ossuary_5, uniq_natasha,
          uniq_eustachio, uniq_pikel
D:5:      layout_gridville, minmay_misc_feat_chi, st_stairs_8
D:6:      minmay_chambers_of_fours, layout_basic, old_standard_altar,
          mainiacjoe_overflow_boulevard, grunt_qazlal_clouds
D:7:      layout_gridville, kiku_gazebo_pond_becter, minmay_temple_entry_grid,
          serial_shops, shop, minmay_manual_monstrance, uniq_prince_ribbit1
D:8:      layout_gridville, doesnt_xom_only_xom, general_overflow_altar,
          enter_bailey_3, nicolae_shop_firing_range

Skill      XL: |  1  2  3  4  5  6  7  8  9 10 |
---------------+-------------------------------+-----
Fighting       | 2 3 4 5 6 |  6.7
Dodging        | 3 4 5 6 |  6.9
Unarmed Combat | 4 5 6 7 |  7.3
Shapeshifting  | 4 5 6 8 9 |  9.0

Action                     |  1- 3 |  4- 6 |  7- 9 | 10-12 || total
---------------------------+-------+-------+-------+-------++-------
  Melee: Unarmed           |    81 |   145 |   277 |    70 ||   573
         Constrict         |    18 |    40 |    74 |    15 ||   147
         Tentacles         |    12 |    34 |    79 |    20 ||   145
         Punch             |     1 |     3 |    18 |     6 ||    28
 Invoke: Heroism           |       |       |     1 |       ||     1
  Evoke: Wand              |       |       |    13 |       ||    13
    Use: Scroll            |       |     4 |     8 |       ||    12
         Potion            |       |     1 |     3 |     1 ||     5
   Stab: Sleeping          |     7 |       |    10 |     3 ||    20
 Armour: Skin              |    27 |    71 |   149 |    47 ||   294
  Dodge: Dodged            |    61 |    58 |   183 |    63 ||   365

Table legend: (Time is in decaauts)
 A = Elapsed time spent in this place.
 B = Non-inter-level travel time spent in this place.
 C = Inter-level travel time spent in this place.
 D = Time resting spent in this place.
 E = Time spent auto-exploring this place.
 F = Levels seen in this place.
 G = Mean time per level.
                   A        B        C        D        E       F      G
               +--------+--------+--------+--------+--------+-----+--------+
         Total |   9830 |   9325 |    505 |   2993 |   3990 |  10 |  983.0 |
       Dungeon |   8885 |   8380 |    505 |   2679 |   3960 |   8 | 1110.6 |
       Ossuary |    244 |    244 |      0 |      0 |      0 |   1 |  244.0 |
        Bailey |    699 |    699 |      0 |    314 |     30 |   1 |  699.0 |
               +--------+--------+--------+--------+--------+-----+--------+

Top non-repeatable levels by time:
     D:4: 2332 daAuts
     D:5: 1362 daAuts
     D:8: 1341 daAuts
     D:6: 1279 daAuts
     D:2: 920 daAuts
  Bailey: 699 daAuts
     D:7: 587 daAuts
     D:3: 577 daAuts
     D:1: 483 daAuts
 Ossuary: 244 daAuts
